AAA EAST
GWINNETT STRIPERS @ JACKSONVILLE JUMBO SHRIMP
06/18/2042
 
TOP OF THE 1ST
Gwinnett Stripers batting - Pitching for Jacksonville Jumbo Shrimp : LHP Joe Curry
Pitching: LHP Joe Curry
Batting: RHB Juan Cervantes 0-0: Foul Ball, location: 9LSF
0-1: Ball
1-1: Called Strike
1-2: Strikes out swinging
Batting: RHB Sean Vaughan 0-0: Foul Ball, location: 25FF
0-1: Ball
1-1: Called Strike
1-2: Strikes out swinging
Batting: RHB Sean O'Dennehy 0-0: Called Strike
0-1: Called Strike
0-2: Ball
1-2: Ball
2-2: Fly out, F4 (Popup, 4M, EV 65.0 MPH)
Top of the 1st over - 0 runs, 0 hits, 0 errors, 0 left on base; Gwinnett 0 - Jacksonville 0
BOTTOM OF THE 1ST
Jacksonville Jumbo Shrimp batting - Pitching for Gwinnett Stripers : RHP Jim Goscombe
Pitching: RHP Jim Goscombe
Batting: SHB Steve Clark 0-0: Ground out 6-3 (Groundball, 6, EV 91.3 MPH)
Batting: RHB Butch Haig 0-0: Ball
1-0: Ball
2-0: Swinging Strike
2-1: Foul Ball, location: 2RF
2-2: Strikes out swinging
Batting: LHB Jerry López 0-0: Swinging Strike
0-1: Swinging Strike
0-2: Ball
1-2: Strikes out swinging
Bottom of the 1st over - 0 runs, 0 hits, 0 errors, 0 left on base; Gwinnett 0 - Jacksonville 0
TOP OF THE 2ND
Gwinnett Stripers batting - Pitching for Jacksonville Jumbo Shrimp : LHP Joe Curry
Batting: LHB Joey Huff 0-0: Foul Ball, location: 3FF
0-1: Ball
1-1: Foul Ball, location: 2RF
1-2: Foul Ball, location: 2F
1-2: Foul Ball, location: 7LDF
1-2: Ball
2-2: Strikes out swinging
Batting: RHB Sean Prince 0-0: Called Strike
0-1: Fly out, F8 (Flyball, 8RD, EV 108.8 MPH)
Batting: RHB Chris Sullivan 0-0: Foul Ball, location: 23FF
0-1: Foul Ball, location: 3FF
0-2: Ball
1-2: Foul Ball, location: 2LF
1-2: Foul Ball, location: 3F
1-2: Ground out 5-3 (Groundball, 56S, EV 107.5 MPH)
Top of the 2nd over - 0 runs, 0 hits, 0 errors, 0 left on base; Gwinnett 0 - Jacksonville 0
BOTTOM OF THE 2ND
Jacksonville Jumbo Shrimp batting - Pitching for Gwinnett Stripers : RHP Jim Goscombe
Batting: LHB Danny King 0-0: Ball
1-0: Ball
2-0: Ball
3-0: Base on Balls
Batting: RHB Sean Davidson 0-0: SINGLE (Groundball, 4MD, EV 103.8 MPH)
Danny King to second
Batting: RHB Kel Mearns 0-0: Bunted foul
0-1: Sac Bunt to 15S - play at first, batter OUT! 1-4
Danny King to third
Sean Davidson to second
Batting: RHB Dan Offen 0-0: Ball
1-0: Ball
2-0: Called Strike
2-1: Ball
3-1: Base on Balls
Batting: LHB Juan Lazu 0-0: SINGLE (Line Drive, 4MD, EV 105.0 MPH)
Danny King scores
Sean Davidson to third
Dan Offen to second
Batting: RHB Dewitt Rouse 0-0: DOUBLE (Line Drive, 78M, EV 93.8 MPH)
Sean Davidson scores
Dan Offen scores
Juan Lazu to third
Runner from 3rd tries for Home, SAFE, no throw by CF
Batting: SHB Steve Clark 0-0: Called Strike
0-1: Ball
1-1: Ground out 2-3 (Groundball, 13S, EV 65.0 MPH)
Batting: RHB Butch Haig 0-0: Ball
1-0: Ball
2-0: SINGLE (Line Drive, 4M, EV 62.5 MPH)
Dewitt Rouse to third
Runner from 3rd tries for Home, throw by CF and OUT! 8-2
Bottom of the 2nd over - 4 runs, 4 hits, 0 errors, 1 left on base; Gwinnett 0 - Jacksonville 4
TOP OF THE 3RD
Gwinnett Stripers batting - Pitching for Jacksonville Jumbo Shrimp : LHP Joe Curry
Batting: SHB Rob Alford 0-0: SINGLE (Groundball, 34D, EV 106.3 MPH)
Batting: RHB Dave Stuart 0-0: Ball
1-0: Foul Ball, location: 25F
1-1: Foul Ball, location: 3F
1-2: Ball
2-2: SINGLE (Groundball, 56D, EV 110.0 MPH)
Rob Alford to second
Runner from 2nd tries for 3rd, SAFE, throw by LF made to third
Batting: LHB Víctor Castro 0-0: Called Strike
0-1: Fly out, F8 (Flyball, 8LD, EV 93.8 MPH)
Runner from 3rd tags up, SCORES, no throw by CF
Batting: RHB Juan Cervantes 0-0: Swinging Strike
0-1: Fielders Choice at 2nd, 5-4 (Groundball, 5, EV 106.3 MPH)
Batting: RHB Sean Vaughan 0-0: Called Strike
0-1: DOUBLE (Line Drive, 9LM, EV 105.0 MPH)
Juan Cervantes to third
Batting: RHB Sean O'Dennehy 0-0: Ball
1-0: Foul Ball, location: 3FF
1-1: Foul Ball, location: 2F
1-2: Ball
2-2: Foul Ball, location: 25FF
2-2: Strikes out swinging
Top of the 3rd over - 1 run, 3 hits, 0 errors, 2 left on base; Gwinnett 1 - Jacksonville 4
BOTTOM OF THE 3RD
Jacksonville Jumbo Shrimp batting - Pitching for Gwinnett Stripers : RHP Jim Goscombe
Batting: LHB Jerry López 0-0: Called Strike
0-1: Ball
1-1: Foul Ball, location: 7LSF
1-2: Strikes out looking
Batting: LHB Danny King 0-0: Ball
1-0: Called Strike
1-1: Foul Ball, location: 5F
1-2: Strikes out swinging
Batting: RHB Sean Davidson 0-0: Called Strike
0-1: Ground out 6-3 (Groundball, 6, EV 106.3 MPH)
Bottom of the 3rd over - 0 runs, 0 hits, 0 errors, 0 left on base; Gwinnett 1 - Jacksonville 4
TOP OF THE 4TH
Gwinnett Stripers batting - Pitching for Jacksonville Jumbo Shrimp : LHP Joe Curry
Batting: LHB Joey Huff 0-0: Ball
1-0: SINGLE (Line Drive, 34D, EV 100.6 MPH)
Batting: RHB Sean Prince 0-0: 2-RUN HOME RUN (Line Drive, 89XD, EV 108.8 MPH), Distance : 422 ft
Batting: RHB Chris Sullivan 0-0: Ball
1-0: Ground out 5-3 (Groundball, 56S, EV 77.5 MPH)
Batting: SHB Rob Alford 0-0: Ball
1-0: Called Strike
1-1: Foul Ball, location: 2F
1-2: Strikes out looking
Batting: RHB Dave Stuart 0-0: Ball
1-0: Called Strike
1-1: Foul Ball, location: 3SF
1-2: Ball
2-2: SINGLE (Groundball, 6MD, EV 106.9 MPH)
Batting: LHB Víctor Castro 0-0: Ball
1-0: Fly out, F7 (Flyball, 7, EV 91.3 MPH)
Top of the 4th over - 2 runs, 3 hits, 0 errors, 1 left on base; Gwinnett 3 - Jacksonville 4
BOTTOM OF THE 4TH
Jacksonville Jumbo Shrimp batting - Pitching for Gwinnett Stripers : RHP Jim Goscombe
Batting: RHB Kel Mearns 0-0: Called Strike
0-1: Ball
1-1: Ball
2-1: Foul Ball, location: 5FF
2-2: Strikes out swinging
Batting: RHB Dan Offen 0-0: Called Strike
0-1: Ball
1-1: Swinging Strike
1-2: Strikes out swinging
Batting: LHB Juan Lazu 0-0: Called Strike
0-1: Ball
1-1: Swinging Strike
1-2: Ball
2-2: Ball
3-2: Foul Ball, location: 25FF
3-2: Fly out, F5 (Popup, 5F, EV 64.4 MPH)
Bottom of the 4th over - 0 runs, 0 hits, 0 errors, 0 left on base; Gwinnett 3 - Jacksonville 4
TOP OF THE 5TH
Gwinnett Stripers batting - Pitching for Jacksonville Jumbo Shrimp : LHP Joe Curry
Batting: RHB Juan Cervantes 0-0: Ball
1-0: Ball
2-0: Ball
3-0: Called Strike
3-1: SINGLE (Line Drive, 6M, EV 107.5 MPH)
Batting: RHB Sean Vaughan 0-0: Ball
1-0: Called Strike
1-1: Foul Ball, location: 2F
1-2: Foul Ball, location: 2F
1-2: Strikes out looking
Batting: RHB Sean O'Dennehy 0-0: Ball
1-0: Ball
2-0: Foul Ball, location: 7LSF
2-1: Ball
3-1: DOUBLE (Flyball, 8RXD, EV 98.8 MPH)
Juan Cervantes to third
Runner from 3rd tries for Home, SAFE, no throw by CF
Batting: LHB Joey Huff 0-0: Ball
1-0: Fly out, F9 (Line Drive, 9S, EV 90.0 MPH)
Batting: RHB Sean Prince 0-0: Called Strike
0-1: Swinging Strike
0-2: Ball
1-2: Strikes out swinging
Top of the 5th over - 1 run, 2 hits, 0 errors, 1 left on base; Gwinnett 4 - Jacksonville 4
BOTTOM OF THE 5TH
Jacksonville Jumbo Shrimp batting - Pitching for Gwinnett Stripers : RHP Jim Goscombe
Batting: RHB Dewitt Rouse 0-0: Ball
1-0: Ball
2-0: Ball
3-0: Base on Balls
Batting: SHB Steve Clark 0-0: Sac Bunt to 2R - play at first, batter OUT! 2-4
Dewitt Rouse to second
Batting: RHB Butch Haig 0-0: Ball
1-0: SINGLE (Groundball, 6MD, EV 109.4 MPH)
Dewitt Rouse to third
Runner from 3rd tries for Home, SAFE, throw by CF to home
Batting: LHB Jerry López 0-0: Ball
1-0: Foul Ball, location: 5DF
1-1: Swinging Strike
1-2: Ball
2-2: Strikes out swinging
Batting: LHB Danny King 0-0: Ball
1-0: DOUBLE (Groundball, 3L, EV 97.5 MPH)
Butch Haig to third
Batting: RHB Sean Davidson 0-0: Ball
1-0: Ground out 5-3 (Groundball, 56S, EV 67.5 MPH)
Bottom of the 5th over - 1 run, 2 hits, 0 errors, 2 left on base; Gwinnett 4 - Jacksonville 5
TOP OF THE 6TH
Gwinnett Stripers batting - Pitching for Jacksonville Jumbo Shrimp : LHP Joe Curry
Batting: RHB Chris Sullivan 0-0: Called Strike
0-1: Ball
1-1: Foul Ball, location: 5F
1-2: Ball
2-2: Ball
3-2: Ground out 5-3 (Groundball, 6S, EV 86.3 MPH)
Batting: SHB Rob Alford 0-0: SOLO HOME RUN (Flyball, 7LD, EV 90.6 MPH), Distance : 339 ft
Batting: RHB Dave Stuart 0-0: Ball
1-0: Reached on error, E4 (Groundball, 34, EV 103.1 MPH)
Batting: LHB Víctor Castro 0-0: Fielders Choice at 2nd, 3-6 (Groundball, 3, EV 80.6 MPH)
Batting: RHB Juan Cervantes 0-0: Ball
1-0: Called Strike
1-1: Ball
2-1: Ball
3-1: SINGLE (Groundball, 13, EV 68.1 MPH) (infield hit)
Víctor Castro to second
Batting: RHB Sean Vaughan 0-0: Ball
1-0: Foul Ball, location: 25FF
1-1: Fly out, F5 (Line Drive, 5L, EV 70.6 MPH)
Top of the 6th over - 1 run, 2 hits, 1 error, 2 left on base; Gwinnett 5 - Jacksonville 5
BOTTOM OF THE 6TH
Jacksonville Jumbo Shrimp batting - Pitching for Gwinnett Stripers : RHP Jim Goscombe
Batting: RHB Kel Mearns 0-0: Ball
1-0: SINGLE (Line Drive, 7S, EV 102.5 MPH)
Batting: RHB Dan Offen 0-0: Swinging Strike
0-1: Ball
1-1: Ball
2-1: Swinging Strike
2-2: Ball
3-2: Base on Balls
Kel Mearns to second
Batting: LHB Juan Lazu 0-0: Bunted foul
0-1: Ball
1-1: Called Strike
1-2: Strikes out swinging
Batting: RHB Dewitt Rouse 0-0: Fly out, F2 (Popup, 23F, EV 83.1 MPH)
Batting: SHB Steve Clark 0-0: Ball
1-0: Called Strike
1-1: Called Strike
1-2: Strikes out swinging
Bottom of the 6th over - 0 runs, 1 hit, 0 errors, 2 left on base; Gwinnett 5 - Jacksonville 5
TOP OF THE 7TH
Gwinnett Stripers batting - Pitching for Jacksonville Jumbo Shrimp : LHP Joe Curry
Batting: RHB Sean O'Dennehy 0-0: Ball
1-0: Called Strike
1-1: Called Strike
1-2: Ball
2-2: Strikes out swinging
Batting: LHB Joey Huff 0-0: Ball
1-0: Ground out 3-1 (Groundball, 34, EV 83.8 MPH)
Batting: RHB Sean Prince 0-0: Ball
1-0: Swinging Strike
1-1: Called Strike
1-2: Ball
2-2: Foul Ball, location: 2F
2-2: Foul Ball, location: 2F
2-2: Ball
3-2: Strikes out swinging
Top of the 7th over - 0 runs, 0 hits, 0 errors, 0 left on base; Gwinnett 5 - Jacksonville 5
BOTTOM OF THE 7TH
Jacksonville Jumbo Shrimp batting - Pitching for Gwinnett Stripers : RHP Jim Goscombe
Batting: RHB Butch Haig 0-0: Ball
1-0: Ground out 6-3 (Groundball, 6, EV 84.4 MPH)
Batting: LHB Jerry López 0-0: Ball
1-0: Called Strike
1-1: Ball
2-1: Called Strike
2-2: Strikes out swinging
Batting: LHB Danny King 0-0: Called Strike
0-1: Ball
1-1: Called Strike
1-2: Foul Ball, location: 2F
1-2: Ball
2-2: Ground out 4-3 (Groundball, 4, EV 110.6 MPH)
Bottom of the 7th over - 0 runs, 0 hits, 0 errors, 0 left on base; Gwinnett 5 - Jacksonville 5
TOP OF THE 8TH
Gwinnett Stripers batting - Pitching for Jacksonville Jumbo Shrimp : LHP Joe Curry
Batting: RHB Chris Sullivan 0-0: Ball
1-0: Ball
2-0: Called Strike
2-1: Ground out 5-3 (Groundball, 56, EV 88.1 MPH)
Pitching: RHP Jeff Ramsey
Batting: SHB Rob Alford 0-0: Ball
1-0: Foul Ball, location: 25F
1-1: Reached on error, E4 (Groundball, 4, EV 105.0 MPH)
Batting: RHB Dave Stuart 0-0: Foul Ball, location: 2F
0-1: Ball
1-1: Called Strike
1-2: Foul Ball, location: 2F
1-2: Ball
2-2: Foul Ball, location: 2F
2-2: Ground out 6-3 (Groundball, 56, EV 82.5 MPH)
Rob Alford to third
Batting: LHB Víctor Castro 0-0: Called Strike
0-1: Swinging Strike
0-2: Strikes out swinging
Top of the 8th over - 0 runs, 0 hits, 1 error, 1 left on base; Gwinnett 5 - Jacksonville 5
BOTTOM OF THE 8TH
Jacksonville Jumbo Shrimp batting - Pitching for Gwinnett Stripers : RHP Jim Goscombe
Pitching: RHP Steve White
Batting: RHB Sean Davidson 0-0: Called Strike
0-1: Foul Ball, location: 5F
0-2: DOUBLE (Groundball, 5L, EV 100.0 MPH)
Batting: RHB Kel Mearns 0-0: Foul Ball, location: 23F
0-1: Ball
1-1: Fly out, F8 (Line Drive, 78M, EV 101.9 MPH)
Lined into DP, 8-4 (Line Drive, 78M, EV 101.9 MPH)
Batting: RHB Dan Offen 0-0: Called Strike
0-1: Ground out 6-3 (Groundball, P, EV 89.4 MPH)
Bottom of the 8th over - 0 runs, 1 hit, 0 errors, 0 left on base; Gwinnett 5 - Jacksonville 5
TOP OF THE 9TH
Gwinnett Stripers batting - Pitching for Jacksonville Jumbo Shrimp : RHP Jeff Ramsey
Batting: RHB Juan Cervantes 0-0: Foul Ball, location: 5F
0-1: Foul Ball, location: 3FF
0-2: Ball
1-2: Strikes out swinging
Batting: RHB Sean Vaughan 0-0: Foul Ball, location: 7LSF
0-1: Ground out 6-3 (Groundball, 6, EV 81.3 MPH)
Batting: RHB Sean O'Dennehy 0-0: Foul Ball, location: 23FF
0-1: Ball
1-1: Ground out 1-3 (Groundball, 25, EV 68.1 MPH)
Top of the 9th over - 0 runs, 0 hits, 0 errors, 0 left on base; Gwinnett 5 - Jacksonville 5
BOTTOM OF THE 9TH
Jacksonville Jumbo Shrimp batting - Pitching for Gwinnett Stripers : RHP Steve White
Batting: LHB Juan Lazu 0-0: Ball
1-0: DOUBLE (Line Drive, 78D, EV 111.3 MPH)
Pinch Hitting: RHB Sang-keun Park 0-0: Bunt - Flyout to 15S! F1
Batting: SHB Steve Clark 0-0: Foul Ball, location: 5F
0-1: Ground out 2-3 (Groundball, 2R, EV 71.3 MPH)
Juan Lazu to third
Batting: RHB Butch Haig 0-0: Ball
1-0: Fly out, F8 (Flyball, 8LD, EV 102.5 MPH)
Bottom of the 9th over - 0 runs, 1 hit, 0 errors, 1 left on base; Gwinnett 5 - Jacksonville 5
TOP OF THE 10TH
Gwinnett Stripers batting - Pitching for Jacksonville Jumbo Shrimp : RHP Jeff Ramsey
Pitching: RHP Cal Abbott
Now at C: Joe Stanley
Batting: LHB Joey Huff 0-0: Foul Ball, location: 3SF
0-1: Ball
1-1: Called Strike
1-2: Ball
2-2: Strikes out swinging
Batting: RHB Sean Prince 0-0: Called Strike
0-1: Ground out 6-3 (Groundball, 6, EV 91.3 MPH)
Batting: RHB Chris Sullivan 0-0: Foul Ball, location: 9LMF
0-1: Ground out 5-3 (Groundball, 56, EV 98.8 MPH)
Top of the 10th over - 0 runs, 0 hits, 0 errors, 0 left on base; Gwinnett 5 - Jacksonville 5
BOTTOM OF THE 10TH
Jacksonville Jumbo Shrimp batting - Pitching for Gwinnett Stripers : RHP Steve White
Pitching: LHP Phil Schmidt
Batting: RHB Raúl Toro 0-0: Fly out, F7 (Flyball, 78M, EV 78.1 MPH)
Batting: LHB Danny King 0-0: Called Strike
0-1: Swinging Strike
0-2: Fly out, F8 (Flyball, 8RM, EV 79.4 MPH)
Batting: RHB Sean Davidson 0-0: Called Strike
0-1: Foul Ball, location: 9LMF
0-2: Strikes out swinging
Bottom of the 10th over - 0 runs, 0 hits, 0 errors, 0 left on base; Gwinnett 5 - Jacksonville 5
TOP OF THE 11TH
Gwinnett Stripers batting - Pitching for Jacksonville Jumbo Shrimp : RHP Cal Abbott
Batting: SHB Rob Alford 0-0: Foul Ball, location: 2F
0-1: Fly out, F3 (Line Drive, 3L, EV 68.1 MPH)
Batting: RHB Dave Stuart 0-0: Fly out, F2 (Popup, 2LF, EV 89.4 MPH)
Batting: LHB Víctor Castro 0-0: Ball
1-0: Called Strike
1-1: Foul Ball, location: 7LDF
1-2: SINGLE (Flyball, 8RS, EV 93.8 MPH)
Batting: RHB Juan Cervantes 0-0: Ball
1-0: Called Strike
1-1: Ball
2-1: Foul Ball, location: 25FF
2-2: Foul Ball, location: 2F
2-2: Strikes out swinging
Top of the 11th over - 0 runs, 1 hit, 0 errors, 1 left on base; Gwinnett 5 - Jacksonville 5
BOTTOM OF THE 11TH
Jacksonville Jumbo Shrimp batting - Pitching for Gwinnett Stripers : LHP Phil Schmidt
Batting: RHB Kel Mearns 0-0: Ball
1-0: Called Strike
1-1: Foul Ball, location: 9LMF
1-2: Ball
2-2: Strikes out swinging
Batting: RHB Dan Offen 0-0: Ground out U3 (Groundball, 34S, EV 80.6 MPH)
Batting: LHB Juan Lazu 0-0: Foul Ball, location: 25FF
0-1: Ball
1-1: Ground out 4-3 (Groundball, 4, EV 86.9 MPH)
Bottom of the 11th over - 0 runs, 0 hits, 0 errors, 0 left on base; Gwinnett 5 - Jacksonville 5
TOP OF THE 12TH
Gwinnett Stripers batting - Pitching for Jacksonville Jumbo Shrimp : RHP Cal Abbott
Batting: RHB Sean Vaughan 0-0: Ball
1-0: Ground out 6-3 (Groundball, 6M, EV 102.5 MPH)
Batting: RHB Sean O'Dennehy 0-0: Ball
1-0: Ball
2-0: Ball
3-0: Called Strike
3-1: Foul Ball, location: 2F
3-2: Ground out 6-3 (Groundball, 6, EV 98.1 MPH)
Batting: LHB Joey Huff 0-0: Ground out 4-3 (Groundball, 4MD, EV 107.5 MPH)
Top of the 12th over - 0 runs, 0 hits, 0 errors, 0 left on base; Gwinnett 5 - Jacksonville 5
BOTTOM OF THE 12TH
Jacksonville Jumbo Shrimp batting - Pitching for Gwinnett Stripers : LHP Phil Schmidt
Pinch Hitting: SHB Jorge Mendoza 0-0: Ground out 6-3 (Groundball, 6, EV 92.5 MPH)
Batting: SHB Steve Clark 0-0: Ball
1-0: Ball
2-0: SINGLE (Line Drive, 6MD, EV 99.4 MPH)
Batting: RHB Butch Haig 0-0: Called Strike
0-1: Ball
Steve Clark is caught stealing 2nd base 2-4
1-1: Foul Ball, location: 2F
1-2: Ball
2-2: Strikes out looking
Bottom of the 12th over - 0 runs, 1 hit, 0 errors, 0 left on base; Gwinnett 5 - Jacksonville 5
TOP OF THE 13TH
Gwinnett Stripers batting - Pitching for Jacksonville Jumbo Shrimp : RHP Cal Abbott
Now at C: José Flores
Batting: RHB Sean Prince 0-0: Called Strike
0-1: Ball
1-1: Ball
2-1: Ground out 6-3 (Groundball, P, EV 78.1 MPH)
Batting: RHB Chris Sullivan 0-0: Foul Ball, location: 23FF
0-1: Foul Ball, location: 9LSF
0-2: Ball
1-2: Foul Ball, location: 9LMF
1-2: Foul Ball, location: 2F
1-2: Foul Ball, location: 2F
1-2: Fly out, F9 (Line Drive, 9S, EV 93.8 MPH)
Batting: SHB Rob Alford 0-0: Ball
1-0: Foul Ball, location: 3SF
1-1: Called Strike
1-2: Strikes out looking
Top of the 13th over - 0 runs, 0 hits, 0 errors, 0 left on base; Gwinnett 5 - Jacksonville 5
BOTTOM OF THE 13TH
Jacksonville Jumbo Shrimp batting - Pitching for Gwinnett Stripers : LHP Phil Schmidt
Batting: RHB Raúl Toro 0-0: Called Strike
0-1: Ball
1-1: Ball
2-1: Foul Ball, location: 2F
2-2: Fly out, F8 (Line Drive, 8RM, EV 90.0 MPH)
Batting: LHB Danny King 0-0: Ball
1-0: Foul Ball, location: 2F
1-1: Ball
2-1: Fly out, F5 (Popup, 5SF, EV 76.3 MPH)
Batting: RHB Sean Davidson 0-0: Called Strike
0-1: SINGLE (Groundball, 34D, EV 101.3 MPH)
Batting: RHB Kel Mearns 0-0: Ball
1-0: Fly out, F8 (Flyball, 8LXD, EV 103.8 MPH)
Bottom of the 13th over - 0 runs, 1 hit, 0 errors, 1 left on base; Gwinnett 5 - Jacksonville 5
TOP OF THE 14TH
Gwinnett Stripers batting - Pitching for Jacksonville Jumbo Shrimp : RHP Cal Abbott
Pitching: RHP Oscar Simons
Batting: RHB Dave Stuart 0-0: Ball
1-0: Foul Ball, location: 3SF
1-1: Ball
2-1: Fly out, F9 (Line Drive, 9LM, EV 97.5 MPH)
Batting: LHB Víctor Castro 0-0: Ball
1-0: Ball
2-0: Swinging Strike
2-1: Foul Ball, location: 3F
2-2: Strikes out swinging
Batting: RHB Juan Cervantes 0-0: Ball
1-0: Ball
2-0: Ball
3-0: Called Strike
3-1: Ground out 4-3 (Groundball, 4, EV 90.0 MPH)
Top of the 14th over - 0 runs, 0 hits, 0 errors, 0 left on base; Gwinnett 5 - Jacksonville 5
BOTTOM OF THE 14TH
Jacksonville Jumbo Shrimp batting - Pitching for Gwinnett Stripers : LHP Phil Schmidt
Batting: RHB Dan Offen 0-0: Ball
1-0: Foul Ball, location: 23FF
1-1: Foul Ball, location: 9LMF
1-2: Ball
2-2: Ball
3-2: Foul Ball, location: 3F
3-2: Foul Ball, location: 2F
3-2: Ground out 6-3 (Groundball, 6, EV 82.5 MPH)
Batting: LHB Juan Lazu 0-0: Ball
1-0: Swinging Strike
1-1: Hit by Pitch
Pitching: RHP José Nieves
Batting: RHB José Flores 0-0: Ball
1-0: Fly out, F8 (Flyball, 8LD, EV 107.5 MPH)
Batting: SHB Steve Clark 0-0: SINGLE (Line Drive, 7S, EV 91.9 MPH)
Juan Lazu to second
Batting: RHB Butch Haig 0-0: Ball
1-0: Fly out, F9 (Line Drive, 9D, EV 105.6 MPH)
Bottom of the 14th over - 0 runs, 1 hit, 0 errors, 2 left on base; Gwinnett 5 - Jacksonville 5
TOP OF THE 15TH
Gwinnett Stripers batting - Pitching for Jacksonville Jumbo Shrimp : RHP Oscar Simons
Batting: RHB Sean Vaughan 0-0: Ground out 2-3 (Groundball, 15S, EV 66.9 MPH)
Batting: RHB Sean O'Dennehy 0-0: Ball
1-0: Called Strike
1-1: Called Strike
1-2: Foul Ball, location: 5FF
1-2: SINGLE (Groundball, 6MD, EV 99.4 MPH)
Batting: LHB Joey Huff 0-0: Called Strike
0-1: Foul Ball, location: 9LMFF
0-2: Foul Ball, location: 2F
0-2: Foul Ball, location: 23FF
0-2: Fielders Choice at 2nd, 3-6 (Groundball, 3, EV 104.4 MPH)
Batting: RHB Sean Prince 0-0: TRIPLE (Flyball, 89XD, EV 110.0 MPH)
Joey Huff scores
Batting: RHB Chris Sullivan 0-0: Ball
1-0: Called Strike
1-1: Called Strike
1-2: Strikes out swinging
Top of the 15th over - 1 run, 2 hits, 0 errors, 1 left on base; Gwinnett 6 - Jacksonville 5
BOTTOM OF THE 15TH
Jacksonville Jumbo Shrimp batting - Pitching for Gwinnett Stripers : RHP José Nieves
Now at 1B: Joey Huff
Now at 3B: Artie McCall
Batting: RHB Raúl Toro 0-0: DOUBLE (Flyball, 78XD, EV 104.4 MPH)
Batting: LHB Danny King 0-0: Swinging Strike
0-1: Foul Ball, location: 2F
0-2: Strikes out looking
Batting: RHB Sean Davidson 0-0: Ball
1-0: Ball
2-0: Called Strike
2-1: Ball
3-1: Base on Balls
Batting: RHB Kel Mearns 0-0: Ball
1-0: Foul Ball, location: 2F
1-1: DOUBLE (Line Drive, 89D, EV 108.1 MPH)
Raúl Toro scores
Sean Davidson to third
Runner from 3rd tries for Home, SAFE, throw by RF to trailing runner, SAFE at third!
Bottom of the 15th over - 2 runs, 2 hits, 0 errors, 1 left on base; Gwinnett 6 - Jacksonville 7
Friday, May 3rd , 2024 - OOTP Baseball 24.10 Build 82